 Dungeon Crawl Stone Soup version 0.30-a0-793-g160f7cfddd (webtiles) character file.

Game seed: 6414021344854403680

18 Farfigtubin the Sneak (level 2, 0/18 HPs)
             Began as a Kobold Brigand on Feb 19, 2023.
             Slain by a hound (3 damage)
             ... on level 4 of the Dungeon.
             The game lasted 00:03:51 (526 turns).

Farfigtubin the Sneak (Kobold Brigand)               Turns: 526, Time: 00:03:52

Health: 0/18       AC:  3    Str:  8    XL:     2   Next: 85%
Magic:  2/2        EV: 14    Int: 12    God:
Gold:   69         SH:  0    Dex: 16    Spells: 1/1 levels left

rFire   . . .      SeeInvis .    a - +2 dagger
rCold   . . .      Faith    .    (no shield)
rNeg    . . .      Spirit   .    b - +0 robe
rPois   .          Reflect  .    (no helmet)
rElec   .          Harm     .    c - +0 cloak
rCorr   .          Rampage  .    (no gloves)
Will    .....                    (no boots)
Stlth   ++++                     (no amulet)
HPRegen 0.23/turn                (no ring)
MPRegen 0.08/turn                (no ring)

@: no status effects
A: small, no large weapons, nightstalker 3
a: no special abilities


You were on level 4 of the Dungeon.
You visited 1 branch of the dungeon, and saw 4 of its levels.

You collected 69 gold pieces.

Inventory:

Hand Weapons
 a - a +2 dagger (weapon)
Missiles
 d - 9 poisoned darts (quivered)
 e - 3 curare-tipped darts
 h - 10 stones
Armour
 b - a +0 robe (worn)
 c - a +0 cloak (worn)
Wands
 j - a wand of iceblast (5)
Scrolls
 f - a scroll of identify {unknown}
 i - a scroll of blinking {unknown}
Potions
 g - a potion of attraction {unknown}


   Skills:
 + Level 2.5 Fighting
 + Level 3.1 Short Blades
 - Level 2.2 Throwing
 - Level 1.2 Dodging
 * Level 5.9 Stealth


You had one spell level left.
You didn't know any spells.
Your spell library was empty.

Dungeon Overview and Level Annotations

Branches:
Dungeon (4/15)
 Temple: D:4-7

Altars:


Innate Abilities, Weirdness & Mutations

You are small and have problems with some larger weapons.
You are completely attuned to the shadows.


Message History

The hound is moderately wounded.
The hound barely misses you. The hound closely misses you.
You barely miss the hound.
The hound is moderately wounded.
The hound bites you.
You closely miss the hound.
The hound is moderately wounded.
The hound closely misses you.
You barely miss the hound.
The hound is moderately wounded.
The hound bites you. x2
* * * LOW HITPOINT WARNING * * *
You hit the hound.
The hound is moderately wounded.
The hound closely misses you.
You hit the hound but do no damage.
The hound is moderately wounded.
The hound barely misses you.
You closely miss the hound.
The hound is moderately wounded.
The hound closely misses you. The hound bites you but does no damage.
You hit the hound but do no damage.
The hound is moderately wounded.
The hound closely misses you.
You hit the hound.
The hound is moderately wounded.
The hound bites you.
* * * LOW HITPOINT WARNING * * *
You hit the hound.
The hound is severely wounded.
The hound bites you.
* * * LOW HITPOINT WARNING * * *
The hound closely misses you.
You hit the hound but do no damage.
The hound is severely wounded.
The hound completely misses you.
You hit the hound.
The hound is almost dead.
The hound bites you.
You die...

##..## #...## #...##
#######..##
##+###.###..#..#..##
#.......#..........#
#.......#.........##
#...h.>.#.........##
#..@....#...........
##.##..####.###...##
..###..####'########
#..............+ #
#..............# #
..########..## # ..
#### # # #


You could see a hound.

Vanquished Creatures
  A dart slug (D:1)
  3 ball pythons
  2 bats
  3 endoplasms (D:1)
  A giant cockroach (D:2)
  A goblin (D:1)
  A quokka (D:1)
  A frilled lizard (D:1)
  A rat (D:1)
14 creatures vanquished.

Notes
Turn   | Place    | Note
-------+----------+-------------------------------------------
     0 | D:1      | Farfigtubin the Kobold Brigand began the quest for the Orb.
     0 | D:1      | Reached XP level 1. HP: 12/12 MP: 1/1
   192 | D:1      | Reached XP level 2. HP: 9/18 MP: 2/2
   526 | D:4      | Slain by a hound

Illustrated notes

Levels and vault maps discovered:
D:1:      wander_arrival_lonely_grave, layout_rooms
D:2:      kb_forest_paths, layout_rooms, minmay_tetromino_l4
D:3:      cheibrodos_fertilizer, layout_basic, serial_shops, shop,
          nicolae_lakefront_shop, uniq_natasha
D:4:      layout_gridville, nicolae_overflow_hidden_temple,
          lemuel_coloured_pillars_altar, minmay_temple_entry_nine_rooms

Skill      XL: |  1  2 |
---------------+-------+-----
Short Blades   | 3 |  3.1
Fighting       | |  2.5
Throwing       | |  2.2
Dodging        | |  1.2
Stealth        | |  5.9

Action                     || total
---------------------------++-------
  Melee: Dagger            ||    52
   Stab: Sleeping          ||     9
 Armour: Robe              ||    11
  Dodge: Dodged            ||    36

Table legend: (Time is in decaauts)
 A = Elapsed time spent in this place.
 B = Non-inter-level travel time spent in this place.
 C = Inter-level travel time spent in this place.
 D = Time resting spent in this place.
 E = Time spent auto-exploring this place.
 F = Levels seen in this place.
 G = Mean time per level.
                   A        B        C        D        E       F      G
               +--------+--------+--------+--------+--------+-----+--------+
         Total |    517 |    517 |      0 |     33 |      0 |   4 |  129.2 |
       Dungeon |    517 |    517 |      0 |     33 |      0 |   4 |  129.2 |
               +--------+--------+--------+--------+--------+-----+--------+

Top non-repeatable levels by time:
     D:1: 334 daAuts
     D:4: 109 daAuts
     D:2: 47 daAuts
     D:3: 26 daAuts
